 Seeded DCSS version 0.24.0-41-g2ae2f7f1be (console) character file.

Game seed: 93891015573, levelgen mode: deterministic

53 Kagalorn the Chucker (level 4, 0/33 HPs)
             Began as a Human Hunter on Dec 10, 2019.
             Slain by a gnoll
             ... wielding a +0 spear
              (9 damage)
             ... on level 2 of the Dungeon.
             The game lasted 00:05:06 (1285 turns).

Kagalorn the Chucker (Human Hunter)                 Turns: 1285, Time: 00:05:06

Health: 0/33       AC:  4    Str: 13    XL:     4   Next: 10%
Magic:  4/4        EV: 12    Int: 12    God:
Gold:   88         SH:  0    Dex: 13    Spells: 3/3 levels left

rFire    . . .     SeeInvis .   a - +0 hand axe
rCold    . . .     Gourm    .   (no shield)
rNeg     . . .     Faith    .   p - +0 leather armour
rPois    .         Spirit   .   g - +0 helmet
rElec    .         Reflect  .   (no cloak)
rCorr    .         Harm     .   (no gloves)
MR       .....                  (no boots)
Stlth    +.........             u - amulet of rage
HPRegen  0.11/turn              (no ring)
MPRegen  0.09/turn              (no ring)

@: no status effects
A: no striking features
a: Evoke Berserk Rage


You were on level 2 of the Dungeon.
You were not hungry.

You visited 1 branch of the dungeon, and saw 2 of its levels.

You collected 88 gold pieces.

Inventory:

Hand Weapons
 a - a +0 hand axe (weapon)
 b - a +0 hunting sling
Missiles
 c - 6 javelins
 d - 2 throwing nets
 i - 46 stones
 l - 34 sling bullets
 n - 14 poisoned darts (quivered)
Armour
 g - a +0 helmet (worn)
 p - a +0 leather armour (worn)
Jewellery
 u - an amulet of rage (around neck)
Scrolls
 e - a scroll of fear {unknown}
 h - a scroll of enchant weapon {unknown}
 j - a scroll of magic mapping {unknown}
 k - a scroll of random uselessness {unknown}
 q - 2 scrolls of remove curse {unknown}
 r - a scroll of identify {unknown}
 v - a scroll of amnesia {unknown}
Potions
 m - a potion of haste {unknown}
 o - 2 potions of flight {unknown}
 t - a potion of ambrosia {unknown}
Comestibles
 f - a ration
 s - a chunk of flesh


   Skills:
 - Level 2.0 Fighting
 - Level 4.0 Throwing
 * Level 2.3 Armour
 * Level 2.9 Dodging
 - Level 1.0 Stealth
 * Level 0.4 Evocations


You had 3 spell levels left.
You didn't know any spells.
Your spell library was empty.

Dungeon Overview and Level Annotations

Branches:
Dungeon (2/15)

Altars:

Annotations:
D:2 Robin


Message History

You slash the gnoll!
The gnoll is heavily wounded.
The gnoll closely misses you.
You closely miss the gnoll.
The gnoll is heavily wounded.
The gnoll barely misses you.
You hit the gnoll.
The gnoll is almost dead.
The gnoll hits you with a +0 spear.
You hit the gnoll but do no damage.
The gnoll is almost dead.
The gnoll hits you with a +0 spear! The gnoll hits you with a +0 spear.
* * * LOW HITPOINT WARNING * * *
You hit the gnoll.
The gnoll is almost dead.
The gnoll completely misses you.
You barely miss the gnoll.
The gnoll is almost dead.
The gnoll hits you with a +0 spear!
You die...

#..###..........##
#)..#..####..####
####......# #..#
#.........# #..#####
#.##......# #)......
#.##......# #.......
#.##.##.#.# #.......
#.##.##.#.# #.######
##.##@##.#.## #)#
#####...#g##....###.#
#.....#...##..#.....#
#####.###.>.####....#####
#.....####.## #.####
#.##.....%.# #...#
#S###.###### ###.# #.#
#.# #.# #.# #.# #.#


You could see a gnoll.

Vanquished Creatures
  An adder (D:2)
  An ooze (D:2)
  A worm (D:2)
  2 dart slugs (D:1)
  4 giant cockroaches
  5 goblins
  6 hobgoblins
  5 bats
  4 frilled lizards
  2 kobolds (D:1)
  2 rats
33 creatures vanquished.

Notes
Turn   | Place    | Note
-------+----------+-------------------------------------------
     0 | D:1      | Kagalorn the Human Hunter began the quest for the Orb.
     0 | D:1      | Reached XP level 1. HP: 16/16 MP: 1/1
   276 | D:1      | Reached skill level 1 in Armour
   303 | D:1      | Reached XP level 2. HP: 18/22 MP: 2/2
   455 | D:1      | Reached XP level 3. HP: 15/27 MP: 3/3
   652 | D:2      | Noticed Robin
   671 | D:2      | Found a faded altar of an unknown god.
  1151 | D:2      | Reached XP level 4. HP: 33/33 MP: 4/4
  1285 | D:2      | Slain by a gnoll

Levels and vault maps discovered:
D:1:      minmay_arrival_four_houses, layout_loops_ring,
          hangedman_feature_mirror
D:2:      layout_loops_ring, chequers_ecumenical_altar_simple, uniq_robin

Skill      XL: |  1  2  3 |
---------------+----------+-----
Armour         | 1 2 |  2.3
Fighting       | |  2.0
Throwing       | |  4.0
Dodging        | |  2.9
Stealth        | |  1.0
Evocations     | |  0.4

Action                   |  1- 3 |  4- 6 || total
-------------------------+-------+-------++-------
Melee: Hand axe          |    96 |    17 ||   113
       Short sword       |     8 |       ||     8
 Abil: Evoke Berserk Rag |     1 |       ||     1
 Stab: Sleeping          |     1 |       ||     1
  Eat: Chunk             |     1 |     1 ||     2
Armor: Leather armour    |    24 |     5 ||    29
Dodge: Dodged            |    72 |    10 ||    82
